 Dungeon Crawl Stone Soup version 0.25.0-9-g26727b657a (webtiles) character file.

Game seed: 2146820521243188920

15 mopl the Conjurer (level 2, 0/22 HPs)
             Began as a Naga Conjurer on June 20, 2020.
             Slain by a kobold (3 damage)
             ... on level 1 of the Dungeon.
             The game lasted 00:00:54 (233 turns).

mopl the Conjurer (Naga Conjurer)                    Turns: 233, Time: 00:00:54

Health: 0/22       AC:  1    Str: 10    XL:     2   Next: 50%
Magic:  5/5        EV: 10    Int: 15    God:
Gold:   28         SH:  0    Dex: 11    Spells: 2/5 levels left

rFire    . . .     SeeInvis +   (no weapon)
rCold    . . .     Gourm    .   (no shield)
rNeg     . . .     Faith    .   a - +0 robe
rPois    +         Spirit   .   (no helmet)
rElec    .         Reflect  .   (no cloak)
rCorr    +         Harm     .   (no gloves)
MR       .....                  (no barding)
Stlth    ++........             (no amulet)
HPRegen  0.07/turn              e - ring of resist corrosion
MPRegen  0.09/turn              (no ring)

@: very slow
A: large, see invisible, deformed body, poison resistance, slowness 2, slow
metabolism 1, spit poison 1, AC +0
a: Spit Poison


You were on level 1 of the Dungeon.
You were not hungry.

You visited 1 branch of the dungeon, and saw 1 of its levels.

You collected 28 gold pieces.

Inventory:

Armour
 a - a +0 robe (worn)
Jewellery
 e - a ring of resist corrosion (left hand)
Scrolls
 b - a scroll of enchant armour {unknown}
 f - a scroll of random uselessness {unknown}
Potions
 g - a potion of curing {unknown}
Comestibles
 c - a ration
 d - 10 chunks of flesh


   Skills:
 - Level 1.5 Dodging
 - Level 3.0 Stealth
 + Level 2.4 Spellcasting
 + Level 4.3 Conjurations


You had 2 spell levels left.
You knew the following spells:

 Your Spells              Type           Power        Failure   Level  Hunger
a - Magic Dart            Conj           ##..         3%          1    #......
b - Searing Ray           Conj           ##....       5%          2    ###....

Your spell library contained the following spells:

 Spells                   Type           Power        Failure   Level  Hunger
 Dazzling Flash           Conj/Hex       #.....       26%         3    ###....
 Fulminant Prism          Conj/Hex       #.........   65%         4    #####..
 Iskenderun's Mystic Bla  Conj/Tloc      #.......     65%         4    #####..


Dungeon Overview and Level Annotations

Branches:
Dungeon (1/15)

Altars:


Innate Abilities, Weirdness & Mutations

You cannot wear boots.
Your serpentine skin is tough. (AC +0)
You have supernaturally acute eyesight. (SInv)
Armour fits poorly on your strangely shaped body.
Your system is resistant to poisons. (rPois)
You cover ground very slowly.
You have a slow metabolism.
You can spit poison.


Message History

You closely miss the bat. The bat hits you.
You closely miss the bat. The bat barely misses you.
The hobgoblin hits you with a +0 club. The bat hits you.
The bat closely misses you.
The hobgoblin hits you but does no damage.
The bat barely misses you.
The hobgoblin hits you but does no damage.
The bat hits you.
You barely miss the bat. The bat barely misses you. The kobold hits you.
The hobgoblin closely misses you. The bat hits you.
The kobold closely misses you. The gnoll hits you with a +0 whip.
The bat hits you. x2
* * * LOW HITPOINT WARNING * * *
The bat hits you but does no damage. The bat barely misses you.
The gnoll hits you with a +0 whip.
* * * LOW HITPOINT WARNING * * *
The kobold hits you.
You die...

##################
..................
.................
#####...........#
#...).†)..gg....#
###'##...b@K.....#
#....#.....g.....#
#....#....>......#
#....#...........#
#....#...........'.g....
#....#...........#......
#....#...........#......
###'##...........# .....
#.############## ..$..


You could see a gnoll, 2 hobgoblins, a bat and a kobold.

Vanquished Creatures
  A dart slug (D:1)
  A leopard gecko (D:1)
  2 giant cockroaches (D:1)
  A goblin (D:1)
  2 hobgoblins (D:1)
  A frilled lizard (D:1)
  A kobold (D:1)
  3 rats (D:1)
12 creatures vanquished.

Notes
Turn   | Place    | Note
-------+----------+-------------------------------------------
     0 | D:1      | mopl the Naga Conjurer began the quest for the Orb.
     0 | D:1      | Reached XP level 1. HP: 15/15 MP: 3/3
   121 | D:1      | Reached XP level 2. HP: 9/22 MP: 0/5
   125 | D:1      | Learned a level 2 spell: Searing Ray
   233 | D:1      | Slain by a kobold

Illustrated notes

Levels and vault maps discovered:
D:1:      enne_arrival_octagon_isle, layout_basic, minmay_cut_off

Action                   || total
-------------------------++-------
Melee: Unarmed           ||     4
 Cast: Magic Dart        ||     5
       Searing Ray       ||     2
 Abil: Spit Poison       ||     7
Armor: Robe              ||     2
Dodge: Dodged            ||     8
